 Dungeon Crawl Stone Soup version 0.25-a0-1133-g93ebf739aa (webtiles) character file.

Game seed: 16937673804859183588, levelgen mode: deterministic

173 Hastur the Skirmisher (level 5, -5/41 HPs)
             Began as a Demonspawn Artificer on May 21, 2020.
             Slain by an orc warrior
             ... wielding a +0 glaive
              (8 damage)
             ... on level 3 of the Dungeon.
             The game lasted 00:10:09 (4260 turns).

Hastur the Skirmisher (Demonspawn Artificer)        Turns: 4260, Time: 00:10:09

Health: -5/41      AC:  6    Str: 13    XL:     5   Next: 28%
Magic:  7/7        EV: 11    Int: 12    God:
Gold:   110        SH:  6    Dex: 14    Spells: 4/4 levels left

rFire    + . .     SeeInvis .   a - +0 short sword (elec)
rCold    . . .     Gourm    .   n - +2 buckler
rNeg     . . .     Faith    .   h - +2 leather armour {rF+}
rPois    +         Spirit   .   (no helmet)
rElec    .         Reflect  .   (no cloak)
rCorr    .         Harm     .   g - +0 pair of gloves
MR       .....                  (no boots)
Stlth    +++++.....             (no amulet)
HPRegen  0.13/turn              m - ring of stealth
MPRegen  0.10/turn              t - ring of poison resistance

@: no status effects
A: claws 2, nightstalker 2
a: no special abilities


You were on level 3 of the Dungeon.
You were not hungry.

You visited 1 branch of the dungeon, and saw 3 of its levels.

You collected 110 gold pieces.

Inventory:

Hand Weapons
 a - a +0 short sword of electrocution (weapon)
Missiles
 i - 114 stones
 s - a throwing net
 B - 10 poisoned darts (quivered)
 C - 24 sling bullets
Armour
 b - a +0 leather armour
 g - a +0 pair of gloves (worn)
 h - a +2 leather armour of fire resistance (worn)
 n - a +2 buckler (worn)
 r - a +0 scale mail
 A - a +0 ring mail
Jewellery
 m - a ring of stealth (left hand)
 p - an uncursed ring of flight
 t - a ring of poison resistance (right hand)
Wands
 c - a wand of flame (5)
 d - a wand of enslavement (12)
 e - a wand of paralysis (10)
Scrolls
 j - a scroll of fear
 k - 2 scrolls of random uselessness
 o - a scroll of immolation
 v - a scroll of teleportation
 w - a scroll of blinking {unknown}
 y - a scroll of remove curse
Potions
 l - a potion of lignification
 q - a potion of resistance {unknown}
 z - a potion of berserk rage
Comestibles
 f - 8 rations
 u - 6 chunks of flesh


   Skills:
 + Level 3.2 Fighting
 - Level 0.8 Short Blades
 - Level 1.7 Dodging
 - Level 3.0 Stealth
 + Level 2.3 Shields
 - Level 3.0 Evocations


You had 4 spell levels left.
You didn't know any spells.
Your spell library was empty.

Dungeon Overview and Level Annotations

Branches:
Dungeon (3/15)

Altars:
Okawaru
Zin

Annotations:
D:3 1 runed translucent door


Innate Abilities, Weirdness & Mutations

You have very sharp fingernails.
You are significantly more attuned to the shadows.


Message History

The orc priest is almost dead.
The orc hits you but does no damage. You block the orc priest's attack.
The orc hits you.
You barely miss the orc priest.
The orc priest is almost dead.
The orc hits you but does no damage. The orc priest barely misses you.
The orc warrior barely misses you. The orc barely misses you.
You barely miss the orc priest.
The orc priest is almost dead.
The orc hits you with a +0 short sword.
The orc priest calls down the wrath of Beogh upon you.
Beogh smites you! The orc completely misses you.
The orc warrior hits you from afar with a +0 glaive!
* * * LOW HITPOINT WARNING * * *
You hit the orc priest.
The orc priest is almost dead.
The orc misses you. You block the orc priest's attack.
The orc barely misses you.
The orc warrior hits you from afar with a +0 glaive!
You die...

.. ##### #. ...... #.##.....
...≈.≈≈≈.♣ ... #.# #..#(..
##.....≈≈≈._ .... #.#
##.#.######.....≈≈≈≈.. ....
#.###........###.....≈≈≈≈≈ ....#
#.##..(.......##....≈≈≈≈≈≈
.....##.#................≈≈≈≈≈≈≈
#.[.).)<....@oo..........≈≈..
##.#.#.....ooo........≈.≈....
#.#.##..........##.÷........
#.#>##....#..)..............
#.#.##.######..###..........
#...##.# #... ##..<=....#
###.##.# #.# ##.......#
#.#..#### ....##.#...#
#.)....... ............


You could see an orc warrior, an orc priest and 3 orcs.

Vanquished Creatures
  An orc priest (D:3)
  Ijyb (D:3)
  Natasha (D:2)
  5 adders
  A worm (D:2)
  A dart slug (D:2)
  4 orcs
  6 bats
  2 giant cockroaches
  5 goblins
  4 hobgoblins
  A ball python (D:2)
  2 frilled lizards (D:3)
  6 kobolds
  3 rats
43 creatures vanquished.

Vanquished Creatures (collateral kills)
  3 orcs (D:3)
3 creatures vanquished.

Grand Total: 46 creatures vanquished

Notes
Turn   | Place    | Note
-------+----------+-------------------------------------------
     0 | D:1      | Hastur the Demonspawn Artificer began the quest for the
                  | Orb.
     0 | D:1      | Reached XP level 1. HP: 15/15 MP: 3/3
    20 | D:1      | Reached skill level 1 in Stealth
   530 | D:1      | Gained mutation: You have sharp fingernails. [demonic
                  | ancestry]
   530 | D:1      | Reached XP level 2. HP: 6/21 MP: 4/4
   545 | D:1      | HP: 1/21 [kobold (3)]
  1694 | D:2      | Gained mutation: You are slightly more attuned to the
                  | shadows. [demonic ancestry]
  1694 | D:2      | Reached XP level 3. HP: 27/27 MP: 5/5
  1806 | D:2      | Reached skill level 1 in Shields
  2477 | D:2      | Found an iron altar of Okawaru.
  2780 | D:3      | Noticed an orc warrior
  2812 | D:3      | Noticed Ijyb
  3015 | D:3      | Paralysed by Ijyb for 2 turns
  3140 | D:3      | Paralysed by Ijyb for 4 turns
  3158 | D:3      | Killed Ijyb
  3158 | D:3      | Gained mutation: You are significantly more attuned to the
                  | shadows. [demonic ancestry]
  3158 | D:3      | Reached XP level 4. HP: 26/34 MP: 6/6
  3279 | D:3      | Found a faded altar of an unknown god.
  3337 | D:3      | Found a glowing silver altar of Zin.
  3337 | D:3      | Found a runed translucent door.
  3337 | D:3      | Noticed an angel
  3462 | D:3      | Noticed Natasha
  3830 | D:2      | Killed Natasha
  3830 | D:2      | Gained mutation: You have very sharp fingernails. [demonic
                  | ancestry]
  3830 | D:2      | Reached XP level 5. HP: 25/41 MP: 7/7
  4260 | D:3      | Slain by an orc warrior

Illustrated notes

Levels and vault maps discovered:
D:1:      lightli_arrival_statuegarden, layout_basic
D:2:      layout_loops_cross, old_standard_altar
D:3:      layout_rooms, chequers_ecumenical_altar_island, lemuel_angel_altar,
          uniq_natasha, uniq_ijyb

Skill      XL: |  1  2  3  4 |
---------------+-------------+-----
Stealth        | 1 2 3 |  3.0
Fighting       | 2 3 |  3.2
Shields        | 1 2 |  2.3
Short Blades   | |  0.8
Dodging        | |  1.7
Evocations     | |  3.0

Action                   |  1- 3 |  4- 6 || total
-------------------------+-------+-------++-------
Melee: Short sword       |   136 |    75 ||   211
Throw: Dart              |     7 |    14 ||    21
       Stone             |     1 |     3 ||     4
Evoke: Wand              |    26 |     2 ||    28
  Use: Scroll            |     6 |     3 ||     9
 Stab: Sleeping          |     2 |       ||     2
  Eat: Ration            |     1 |       ||     1
       Chunk             |     3 |     4 ||     7
Armor: Leather armour    |    52 |    25 ||    77
Dodge: Dodged            |   107 |    51 ||   158
Block: Buckler           |       |    28 ||    28

Table legend:
 A = Non-vault XP
 B = Vault XP
 C = Vault XP percentage of total XP
 D = Non-vault monster count
 E = Vault monster count
 F = Vault count percentage of total count
                 A         B        C        D         E       F
            +---------+---------+-------+---------+---------+-------
      Total |     177 |      71 |  28.6 |      44 |       2 |   4.3
            +---------+---------+-------+---------+---------+-------
        D:1 |      28 |       0 |   0.0 |      10 |       0 |   0.0
        D:2 |      90 |      35 |  28.0 |      22 |       1 |   4.3
        D:3 |      59 |      36 |  37.9 |      12 |       1 |   7.7
            +---------+---------+-------+---------+---------+-------
